 Dungeon Crawl Stone Soup version 0.24-a0-271-ga0fc33f (webtiles) character file.

Game seed: 14494432419471665156

4275 gruber the Archer (level 10, -2/91 HPs)
             Began as a Centaur Hunter on Apr 23, 2019.
             Was a Believer of Okawaru.
             Hit by a large rock thrown by a cyclops (22 damage)
             ... on level 9 of the Dungeon.
             The game lasted 00:25:07 (11315 turns).

gruber the Archer (Centaur Hunter)                 Turns: 11315, Time: 00:25:08

Health: -2/91      AC: 12    Str: 14    XL:     10   Next: 10%
Magic:  0/12       EV: 12    Int: 13    God:    Okawaru [**....]
Gold:   1159       SH:  0    Dex: 14    Spells: 9/9 levels left

rFire    + . .     SeeInvis .   a - +1 shortbow
rCold    . . .     Gourm    .   (shield currently unavailable)
rNeg     . . .     Faith    .   L - +3 ring mail of Listlessness {*Contam rF+ Slay+2}
rPois    .         Spirit   +   J - +1 helmet {Int+3}
rElec    .         Reflect  .   K - scarf {Spirit}
rCorr    .         Harm     .   (no gloves)
MR       .....                  (no barding)
Stlth    +++.......             C - amulet of the acrobat
HPRegen  0.25/turn              w - ring of stealth
MPRegen  0.13/turn              r - ring of flight

@: heroism, studying Slings, very quick
A: large, hooves 3, deformed body, speed 2, tough skin 3
a: Heroism, Renounce Religion, Evoke Flight


You were on level 9 of the Dungeon.
You worshipped Okawaru.
Okawaru was pleased with you.
You were not hungry.

You visited 2 branches of the dungeon, and saw 10 of its levels.
You also visited: Bailey.

You collected 1357 gold pieces.
You spent 198 gold pieces at shops.

Inventory:

Hand Weapons
 a - a +1 shortbow (weapon)
 b - a +1 falchion of flaming
 v - a +2 dagger of venom
 I - a +1 flail of holy wrath
Missiles
 d - 63 arrows (quivered)
 G - 47 tomahawks of returning
Armour
 c - a +0 leather armour
 J - a +1 helmet of intelligence (worn)
 K - a scarf of spirit shield (worn)
 L - the +3 ring mail of Listlessness (worn) {*Contam rF+ Slay+2}
   (You found it on level 8 of the Dungeon)

   It affects your accuracy and damage with ranged weapons and melee attacks
   (+2).
   It protects you from fire.
   It causes magical contamination when unequipped.
 M - the +7 scale mail of the Quahog {*Drain rF- rN+++ Regen+}
   (You found it on level 7 of the Dungeon)

   It makes you vulnerable to fire.
   It renders you almost immune to negative energy.
   It increases your rate of regeneration.
   It causes draining when unequipped.
Jewellery
 r - a ring of flight (right hand)
 w - a ring of stealth (left hand)
 C - an amulet of the acrobat (around neck)
Wands
 B - a wand of digging (3)
 E - a wand of iceblast (9)
 F - a wand of random effects (8)
Scrolls
 e - 7 scrolls of teleportation
 j - a scroll of fog {unknown}
 k - 4 scrolls of identify
 l - 3 scrolls of enchant armour {unknown}
 m - 3 scrolls of random uselessness {unknown}
 n - 3 scrolls of enchant weapon {unknown}
 u - 2 scrolls of amnesia
 x - a scroll of immolation {unknown}
 y - 2 scrolls of remove curse {unknown}
 D - a scroll of magic mapping {unknown}
Potions
 g - 3 potions of haste
 h - 2 potions of agility
 i - 3 potions of magic
 o - 4 potions of mutation
 p - 3 potions of curing
 q - 3 potions of heal wounds
 s - a potion of brilliance
 t - 3 potions of lignification
 z - a potion of ambrosia
 A - a potion of cancellation {unknown}
Books
 H - a manual of Slings
Comestibles
 f - 9 rations
 N - 4 chunks of flesh


   Skills:
 - Level 9.0(14.0) Fighting
 - Level 13.2(18.2) Bows
 * Level 2.8(7.8) Armour
 - Level 3.0(8.0) Dodging
 - Level 0.4(5.4) Stealth
 - Level 3.2 Evocations


You had 9 spell levels left.
You didn't know any spells.
Your spell library contained the following spells:

 Spells                   Type           Power        Failure   Level  Hunger
 Beastly Appendage        Tmut           #.....       50%         1    ##.....
 Magic Dart               Conj           #...         50%         1    ##.....
 Searing Ray              Conj           #.....       65%         2    ###....
 Sticks to Snakes         Tmut           #.......     65%         2    ###....
 Dazzling Spray           Conj/Hex       #.....       86%         3    ####...
 Spider Form              Tmut/Pois      #.........   86%         3    ####...
 Force Lance              Conj/Tloc      #.......     99%         4    #####..
 Fulminant Prism          Conj/Hex       #.........   99%         4    #####..
 Ice Form                 Ice/Tmut       #.......     99%         4    #####..
 Iskenderun's Mystic Bla  Conj           #.......     99%         4    #####..
 Blade Hands              Tmut           #.........   100%        5    ######.


Dungeon Overview and Level Annotations

Branches:
Dungeon (9/15)             Temple (1/1) D:6
   Lair: D:8-11         Orc: D:9-12

Altars:
Ashenzari
Cheibriados
Dithmenos
Fedhas
Gozag
Hepliaklqana
Makhleb
Nemelex Xobeh
Okawaru
Qazlal
Ru
Sif Muna
Uskayaw
Vehumet
Xom
Yredelemnul
Zin

Shops:
D:5 ?


Innate Abilities, Weirdness & Mutations

You have hooves in place of feet.
Armour fits poorly on your strangely shaped body.
You cover ground very quickly.
You have extremely tough skin. (AC +3)


Message History

Aim: a cyclops (moderately wounded)
You shoot an arrow. The arrow barely misses the cyclops.
The cyclops throws a large rock.
The large rock hits you!!
* * * LOW HITPOINT WARNING * * *
Unknown command.
Unknown command.
Firing (i - inventory. (/) - cycle)
d - 65 arrows (quivered)
Press: ? - help, Shift-Dir - straight line, f/p - cyclops
Aim: a cyclops (moderately wounded)
You shoot an arrow. The arrow hits the cyclops!
The cyclops is heavily wounded.
Unknown command.
Unknown command.
Firing (i - inventory. (/) - cycle)
d - 64 arrows (quivered)
Press: ? - help, Shift-Dir - straight line, f/p - cyclops
Aim: a cyclops (heavily wounded)
You shoot an arrow. The arrow hits the cyclops.
The cyclops is heavily wounded.
The cyclops throws a large rock.
The large rock hits you!!
You die...

#.#. #.###### ...C..
.#.##....).# ..C...
........ .# #......
#......##.#[#......
#.#.#....##........ #
#................
#...#.........##..#.#
#.......@.....'C....#
#.#.#.#.......##.#### #
...........'...... #
###.#.......##.########
.....#+##...#........#
###........#.#........#
##..#......#........#
#..#####..#........#
#....(....#...


You could see a cyclops.

Vanquished Creatures
  An orc knight (Bailey)
  Eustachio (D:4)
  2 ice beasts
  2 sky beasts
  8 orc warriors
  A black bear (D:8)
  4 ogres
  4 centaurs
  A crocodile (D:9)
  3 bullfrogs (D:6)
  4 scorpions
  A water moccasin skeleton (D:7)
  3 killer bees (D:8)
  3 wights (D:8)
  4 electric eels (D:6)
  3 crimson imps
  2 howler monkeys (D:8)
  A jelly (D:8)
  A quasit (D:6)
  2 hounds
  3 orc wizards
  2 orc priests
  An iguana (D:6)
  Natasha (thrice) (D:2)
  7 worker ants
  3 gnolls
  5 adders
  A shadow imp (D:8)
  An ooze (D:5)
  3 worms
  4 dart slugs
  6 leopard geckos
  24 orcs
  2 ball pythons
  2 giant cockroaches (D:3)
  14 goblins
  10 hobgoblins
  12 jackals
  5 quokkas
  7 bats
  9 frilled lizards
  23 kobolds
  A leopard gecko skeleton (D:8)
  10 rats
209 creatures vanquished.

Notes
Turn   | Place    | Note
-------+----------+-------------------------------------------
     0 | D:1      | gruber the Centaur Hunter began the quest for the Orb.
     0 | D:1      | Reached XP level 1. HP: 17/17 MP: 1/1
    51 | D:1      | Reached XP level 2. HP: 24/24 MP: 2/2
    80 | D:1      | Reached skill level 6 in Bows
   259 | D:1      | Reached XP level 3. HP: 29/29 MP: 3/3
   594 | D:2      | Noticed Natasha
   602 | D:2      | Killed Natasha
   602 | D:2      | Reached XP level 4. HP: 37/37 MP: 4/4
   809 | D:2      | Noticed Natasha
   813 | D:2      | Killed Natasha
   813 | D:2      | Reached skill level 7 in Bows
  1082 | D:2      | Noticed Natasha
  1096 | D:2      | Killed Natasha
  1096 | D:2      | Reached XP level 5. HP: 26/42 MP: 5/5
  1110 | D:2      | Reached skill level 1 in Armour
  1932 | D:3      | Found a faded altar of an unknown god.
  2273 | D:4      | Noticed an ogre
  2277 | D:4      | Reached skill level 8 in Bows
  2353 | D:3      | Killed an ogre
  2353 | D:3      | Reached XP level 6. HP: 20/51 MP: 6/6
  2668 | D:4      | Noticed Eustachio
  2697 | D:4      | Killed Eustachio
  3019 | D:4      | Reached XP level 7. HP: 35/59 MP: 7/7
  3089 | D:4      | Reached skill level 1 in Evocations
  3242 | D:4      | Found a shattered altar of Ashenzari.
  3604 | D:5      | Entered Level 5 of the Dungeon
  3625 | D:5      | Found a basalt altar of Yredelemnul.
  3664 | D:4      | HP: 2/59 [poisoned by an adder]
  3669 | D:3      | HP: 1/59 [poisoned by an adder]
  3677 | D:3      | HP: 1/59 [poisoned by an adder]
  4248 | D:5      | Reached skill level 5 in Fighting
  4528 | D:5      | Reached XP level 8. HP: 26/69 MP: 10/10
  4833 | D:5      | HP: 3/70 [poisoned by a worker ant]
  4838 | D:4      | HP: 2/70 [poisoned by a worker ant]
  4845 | D:4      | HP: 2/70 [poisoned by a worker ant]
  4853 | D:4      | HP: 2/70 [poisoned by a worker ant]
  5724 | D:5      | Found Vian Dut's Magic Scroll Emporium.
  5728 | D:5      | Bought a scroll of amnesia for 42 gold pieces
  5728 | D:5      | Bought a scroll of teleportation for 36 gold pieces
  5728 | D:5      | Bought a scroll of identify for 24 gold pieces
  5728 | D:5      | Bought a scroll of identify for 24 gold pieces
  5728 | D:5      | Bought 2 scrolls of identify for 48 gold pieces
  5728 | D:5      | Bought a scroll of identify for 24 gold pieces
  6016 | D:6      | Found a staircase to the Ecumenical Temple.
  6026 | Temple   | Entered the Ecumenical Temple
  6076 | Temple   | Became a worshipper of Warmaster Okawaru
  7961 | D:7      | Reached XP level 9. HP: 83/83 MP: 11/11
  7998 | D:7      | Reached * piety under Okawaru
  8082 | D:7      | Reached skill level 9 in Bows
  8791 | D:8      | Reached skill level 10 in Bows
  8879 | D:8      | Found a flagged portal.
  8909 | Bailey   | Entered a bailey
  9405 | Bailey   | Noticed an orc knight
  9444 | Bailey   | Reached skill level 11 in Bows
  9507 | Bailey   | Killed an orc knight
  9507 | Bailey   | Reached ** piety under Okawaru
  9507 | Bailey   | Reached skill level 12 in Bows
 10438 | D:8      | Reached skill level 13 in Bows
 10673 | D:8      | Reached XP level 10. HP: 85/91 MP: 12/12
 10743 | D:8      | Got a translucent ring mail
 10744 | D:8      | Identified the +3 ring mail of Listlessness {*Contam rF+
                  | Slay+2} (You found it on level 8 of the Dungeon)
 11082 | D:7      | Got a spiked scale mail
 11083 | D:7      | Identified the +7 scale mail of the Quahog {*Drain rF-
                  | rN+++ Regen+} (You found it on level 7 of the Dungeon)
 11296 | D:9      | Noticed a cyclops
 11315 | D:9      | Hit by a large rock thrown by a cyclops

Levels and vault maps discovered:
D:1:      psy_arrival_dodecagon, layout_rooms
D:2:      layout_loops_ring, uniq_natasha
D:3:      layout_loops_ring, chequers_ecumenical_altar_simple, first_ration
D:4:      layout_basic, evilmike_ruin_ashenzari, uniq_eustachio
D:5:      layout_cave_pools, basic_altar, serial_shops, shop
D:6:      layout_basic, minmay_temple_entry_enclosed_plants, chequers_big_river
D:7:      layout_gridville
D:8:      layout_loops_corners, enter_bailey_3, chequers_serial_rivers_large_a,
          minmay_misc_feat_ornament, grunt_pizzeria
D:9:      layout_basic, hangedman_decor_growths
Temple:   compressed_dpeg_circular_temple
Bailey:   bailey_axe_1, bailey

Skill      XL: |  1  2  3  4  5  6  7  8  9 |
---------------+----------------------------+-----
Bows           | 6 7 8 13 | 13.2
Armour         | 1 2 |  2.8
Fighting       | 3 4 5 9 |  9.0
Dodging        | 2 3 |  3.0
Evocations     | 3 |  3.2
Stealth        | |  0.4

Action                   |  1- 3 |  4- 6 |  7- 9 | 10-12 || total
-------------------------+-------+-------+-------+-------++-------
Melee: Short sword       |       |     7 |       |       ||     7
       Kick              |       |     4 |    63 |    11 ||    78
       Dagger            |       |    23 |   192 |    35 ||   250
 Fire: Shortbow          |    75 |   166 |   318 |     5 ||   564
Throw: Tomahawk          |       |       |    76 |       ||    76
Invok: Heroism           |       |       |     5 |     1 ||     6
 Abil: Evoke Flight      |       |       |     7 |       ||     7
Evoke: Wand              |       |       |     1 |       ||     1
  Use: Scroll            |       |       |     9 |     2 ||    11
       Potion            |       |       |     1 |       ||     1
 Stab: Distracted        |       |       |     1 |       ||     1
       Sleeping          |       |       |     3 |       ||     3
  Eat: Chunk             |       |     4 |     8 |     1 ||    13
       Ration            |       |       |     4 |       ||     4
Armor: Leather armour    |     7 |    29 |    90 |     5 ||   131
       Ring mail         |       |       |       |    10 ||    10
Dodge: Dodged            |     6 |    31 |   175 |    23 ||   235

Table legend:
 A = Non-vault XP
 B = Vault XP
 C = Vault XP percentage of total XP
 D = Non-vault monster count
 E = Vault monster count
 F = Vault count percentage of total count
                 A         B        C        D         E       F
            +---------+---------+-------+---------+---------+-------
      Total |    4398 |    1710 |  28.0 |     170 |      39 |  18.7
            +---------+---------+-------+---------+---------+-------
        D:1 |      64 |       0 |   0.0 |      30 |       0 |   0.0
        D:2 |     118 |      35 |  22.9 |      18 |       1 |   5.3
        D:3 |     198 |       0 |   0.0 |      21 |       0 |   0.0
        D:4 |     467 |     202 |  30.2 |      23 |       1 |   4.2
        D:5 |     749 |       0 |   0.0 |      25 |       0 |   0.0
        D:6 |     945 |       0 |   0.0 |      22 |       0 |   0.0
        D:7 |     309 |       0 |   0.0 |       7 |       0 |   0.0
        D:8 |    1221 |     130 |   9.6 |      21 |       5 |  19.2
        D:9 |     327 |       0 |   0.0 |       3 |       0 |   0.0
     Bailey |       0 |    1343 | 100.0 |       0 |      32 | 100.0
            +---------+---------+-------+---------+---------+-------
